 Dungeon Crawl Stone Soup version 0.20.1-1-g8b1a95d (webtiles) character file.

7768 Peloso the Carver (level 11, -5/98 HPs)
             Began as a Deep Dwarf Fighter on July 31, 2017.
             Was a Believer of Trog.
             Killed by Ozocubu's Refrigeration
             ... invoked by Fannar
              (30 damage)
             ... on level 10 of the Dungeon.
             The game lasted 00:34:04 (8111 turns).

Peloso the Carver (Deep Dwarf Fighter)              Turns: 8111, Time: 00:34:05

Health: -5/98      AC: 18    Str: 25    XL:     11   Next: 1%
Magic:  11/11      EV: 10    Int:  9    God:    Trog [**....]
Gold:   619        SH: 12    Dex: 14    Spells: 10/10 levels left

rFire    + . .     SeeInvis .   K - +2 falchion of Equivalence {freeze, Str+2}
rCold    x . .     Gourm    .   c - +0 shield
rNeg     + . .     Faith    .   y - +0 chain mail
rPois    .         Spirit   .   r - +1 helmet
rElec    .         Reflect  .   s - +2 cloak
rCorr    .         Harm     .   m - +0 pair of gloves
MR       +....                  (no boots)
Stlth    ..........             A - amulet of magic regeneration
Regen    0.0/turn               q - ring of fire
MPRegen  0.2/turn               i - ring of positive energy

@: berserk cooldown, non-regenerating, slowed, very slow
A: damage resistance, heal wounds, talons 1, agile 1, blink, sense surroundings
2, no regeneration
a: Heal Wounds, Blink, Berserk, Trog's Hand, Burn Spellbooks, Renounce Religion


You were on level 10 of the Dungeon.
You worshipped Trog.
Trog was pleased with you.
You were hungry.

You visited 1 branch of the dungeon, and saw 10 of its levels.

You collected 619 gold pieces.

Inventory:

Hand Weapons
 a - a +0 long sword
 v - the +3 spear of Aluavadd {pain, *Rage rElec MR+ Int+2}
   (You found it on level 4 of the Dungeon)

   In the hands of one skilled in necromantic magic, it inflicts extra damage on
   living creatures.
   It affects your intelligence (+2).
   It insulates you from electricity.
   It affects your resistance to hostile enchantments.
   It may make you go berserk in combat.
 x - a cursed -1 dagger
 K - the +2 falchion of Equivalence (weapon) {freeze, Str+2}
   (You found it on level 8 of the Dungeon)

   It has been specially enchanted to freeze those struck by it, causing extra
   injury to most foes and up to half again as much damage against particularly
   susceptible opponents.
   It can also slow down cold-blooded creatures.
   It affects your strength (+2).
 O - a +2 falchion
Missiles
 u - 97 bolts
Armour
 c - a +0 shield (worn)
 m - a +0 pair of gloves (worn)
 r - a +1 helmet (worn)
 s - a +2 cloak (worn)
 y - a +0 chain mail (worn)
Jewellery
 i - a ring of positive energy (right hand)
 q - a ring of fire (left hand)
 w - an uncursed ring of resist corrosion {unknown}
 A - an amulet of magic regeneration (around neck)
 J - a +3 ring of intelligence {unknown}
Wands
 b - a wand of enslavement (13/24)
 g - a wand of random effects (22/48)
 n - a wand of disintegration (12/24)
Scrolls
 o - 2 scrolls of fog
 t - a scroll of noise {unknown}
 B - a scroll of enchant weapon {unknown}
 C - 5 scrolls of amnesia {unknown}
 D - a scroll of random uselessness {unknown}
 E - a scroll of magic mapping
 M - 2 scrolls of identify
 P - a scroll of acquirement {unknown}
Potions
 d - a potion of cancellation
 e - 4 potions of curing
 k - a potion of heal wounds
 l - 3 potions of brilliance
 z - a potion of haste
 G - a potion of berserk rage
 H - 2 potions of agility
 I - a potion of invisibility {unknown}
 N - a potion of might
Books
 F - a book of Frost

   Spells                             Type                      Level
   a - Freeze                         Ice                          1
   b - Throw Frost                    Conjuration/Ice              2
   c - Ozocubu's Armour               Charms/Ice                   3
   d - Throw Icicle                   Conjuration/Ice              4
   e - Summon Ice Beast               Ice/Summoning                4
   Trog disapproves of the use of such an item.
Miscellaneous
 L - a crystal ball of energy
Comestibles
 f - 7 bread rations
 h - 10 fruits
 j - 6 meat rations
 p - 2 royal jellies


   Skills:
 + Level 6.3 Fighting
 + Level 10.6 Long Blades
 + Level 8.1 Armour
 + Level 4.4 Dodging
 + Level 2.5 Stealth
 + Level 9.9 Shields


You had 10 spell levels left.
You didn't know any spells.

Dungeon Overview and Level Annotations

Branches:
Dungeon (10/15)            Temple (0/1) D:6            Lair (0/6) D:9
    Orc (0/2) D:9

Altars:
Ashenzari
Cheibriados
Gozag
Kikubaaqudgha
Makhleb
Okawaru
Qazlal
Trog
Uskayaw
Vehumet
Yredelemnul
Zin
The Shining One

Annotations:
D:5 exclusion: statue
D:10 Fannar


Innate Abilities, Weirdness & Mutations

You are resistant to damage.
You can heal yourself by infusing magical energy.
You passively map the area around you.
You do not regenerate.
You have sharp toenails.
You are agile. (Dex +2)
You can translocate small distances at will.


Message History

The ice beast completely misses you. The ice beast barely misses you.
You see here a dire flail.
You block the orc priest's attack.
Fannar brushes some snowflakes from his robe.
You hit the orc priest. You freeze the orc priest.
The orc priest is moderately wounded.
You block the orc priest's attack.
You hit the orc priest. You freeze the orc priest. You claw the orc priest.
The orc priest is almost dead.
The orc priest hits you but does no damage.
You hit the orc priest. You freeze the orc priest.
You kill the orc priest!
Trog accepts your kill. The adder bites you but does no damage.
Fannar brushes some snowflakes from his robe.
Fannar casts a spell.
Fannar drains the heat from the surrounding environment!
You feel a terrible chill!
You feel very cold.
You die...

#..## #.*
#o....##..#*,*
#.## #.#
##....## * , ,,
#..# #.#
##......# , * *
##.##
#..##..........
, * * #..##
#....###....%.,
##..## ##..##
##...... ###.##
#eY## #....., *
##.## #.YS##
#... ###
##.##.###@##
... , * #.###
#...#* ##.## ,
*, ....# ##..#
##.## , ** *
.##.## ##..#
#..# ,
####.####.##.#*
#..# *,** #
##.#.)## #.#
#### # #.#.##
*## *** #.#.# *
##.## *


You could see Fannar, 2 ice beasts and an adder.

Vanquished Creatures
  A two-headed ogre (D:8)
  The ghost of Phantomfrettchen the Skirmisher, a novice DsCK of Xom (D:7)
  Pikel (D:7)
  A manticore (D:6)
  A cyclops (D:6)
  2 gargoyles (D:10)
  A troll (D:9)
  Grinder (D:5)
  A hippogriff (D:7)
  A spriggan (D:7)
  A wraith (D:9)
  A water moccasin (D:8)
  2 orc warriors
  4 ice beasts
  A slave (D:7)
  2 black bears
  4 ogres
  A necrophage (D:7)
  A phantom (D:7)
  3 centaurs
  4 bullfrogs
  A gnoll sergeant (D:7)
  5 scorpions
  5 wights (D:9)
  4 howler monkeys
  7 crimson imps
  A bullfrog zombie (D:3)
  A quasit (D:6)
  A centaur skeleton (D:7)
  3 hounds
  7 orc wizards
  2 bullfrog skeletons (D:8)
  8 orc priests
  A jelly (D:9)
  4 worker ants
  A hound zombie (D:7)
  A worker ant zombie (D:5)
  4 gnolls (D:7)
  11 adders
  3 oozes
  3 adder skeletons
  A worm (D:4)
  A dart slug (D:1)
  4 leopard geckos
  43 orcs
  4 giant cockroaches
  8 goblins
  2 hobgoblins
  6 jackals (D:1)
  6 kobolds
  7 quokkas
  2 ball pythons
  15 bats
  3 frilled lizards
  A giant cockroach zombie (D:6)
  A jackal skeleton (D:5)
  A leopard gecko skeleton (D:6)
  7 rats
  A fungus (D:9)
221 creatures vanquished.

Vanquished Creatures (others)
  A fungus (D:9)
1 creature vanquished.

Grand Total: 222 creatures vanquished

Notes
Turn   | Place    | Note
-------+----------+-------------------------------------------
     0 | D:1      | Peloso the Deep Dwarf Fighter began the quest for the Orb.
     0 | D:1      | Reached XP level 1. HP: 20/20 MP: 1/1
   119 | D:1      | Reached XP level 2. HP: 26/28 MP: 2/2
   379 | D:1      | Reached XP level 3. HP: 21/34 MP: 3/3
   744 | D:2      | Found an ancient bone altar of Kikubaaqudgha.
  1026 | D:2      | Found a bloodstained altar of Trog.
  1045 | D:2      | Became a worshipper of Trog the Wrathful
  1065 | D:2      | Noticed an angel
  1066 | D:2      | Found a glowing silver altar of Zin.
  1107 | D:2      | Found an iron altar of Okawaru.
  1629 | D:3      | Found a shattered altar of Ashenzari.
  1655 | D:3      | Reached XP level 4. HP: 41/42 MP: 4/4
  1662 | D:3      | Reached skill level 3 in Long Blades
  1761 | D:3      | Gained mutation: You are agile. (Dex +2) [potion of mutation]
  1761 | D:3      | Gained mutation: You can translocate small distances at will. [potion of mutation]
  1761 | D:3      | Gained mutation: You have sharp toenails. [potion of mutation]
  1766 | D:3      | Found an iron altar of Okawaru.
  1857 | D:3      | Reached XP level 5. HP: 20/49 MP: 5/5
  2007 | D:3      | Reached * piety under Trog
  2022 | D:3      | Reached skill level 4 in Long Blades
  2633 | D:4      | Got a pitted spear
  2634 | D:4      | Identified the cursed +3 spear of Aluavadd {pain, *Rage rElec MR+ Int+2} (You found it on level 4 of the Dungeon)
  2644 | D:4      | Noticed an ogre
  2768 | D:4      | Killed an ogre
  2768 | D:4      | Reached skill level 5 in Shields
  2768 | D:4      | Reached XP level 6. HP: 36/56 MP: 6/6
  3132 | D:4      | Noticed a moth of wrath
  3135 | D:4      | Found a bloodstained altar of Trog.
  3171 | D:4      | Reached skill level 1 in Dodging
  3182 | D:4      | You fall through a shaft for 3 floors!
  3221 | D:7      | Reached skill level 1 in Stealth
  3273 | D:6      | Found a staircase to the Ecumenical Temple.
  3341 | D:5      | Entered Level 5 of the Dungeon
  3389 | D:5      | Reached XP level 7. HP: 27/63 MP: 7/7
  3403 | D:5      | Reached ** piety under Trog
  3498 | D:5      | Found a radiant altar of Vehumet.
  3533 | D:5      | Found a snail-covered altar of Cheibriados.
  3589 | D:5      | Reached skill level 5 in Long Blades
  3704 | D:5      | Found a glowing golden altar of the Shining One.
  3790 | D:5      | Noticed Grinder
  3803 | D:5      | Killed Grinder
  3803 | D:5      | Reached skill level 6 in Long Blades
  3803 | D:5      | Reached skill level 5 in Armour
  3803 | D:5      | Reached XP level 8. HP: 54/72 MP: 8/8
  3873 | D:5      | Found a stormy altar of Qazlal.
  4422 | D:6      | Found a basalt altar of Yredelemnul.
  4552 | D:6      | Found a burning altar of Makhleb.
  4904 | D:6      | Reached skill level 7 in Long Blades
  5067 | D:6      | Noticed a manticore
  5083 | D:6      | Killed a manticore
  5083 | D:6      | Gained mutation: You passively map the area around you. [Deep Dwarf growth]
  5083 | D:6      | Reached XP level 9. HP: 30/80 MP: 9/9
  5130 | D:6      | Noticed a cyclops
  5160 | D:6      | Killed a cyclops
  5160 | D:6      | Reached skill level 5 in Fighting
  5160 | D:6      | Reached skill level 8 in Long Blades
  5601 | D:7      | Found a hide-covered altar of Uskayaw.
  5677 | D:7      | Noticed Phantomfrettchen's ghost (novice DsCK)
  5691 | D:7      | Killed Phantomfrettchen's ghost
  6092 | D:7      | Noticed Pikel
  6115 | D:7      | Killed Pikel
  6115 | D:7      | Reached skill level 9 in Long Blades
  6115 | D:7      | Reached XP level 10. HP: 48/88 MP: 10/10
  6963 | D:8      | Noticed a two-headed ogre
  6969 | D:8      | Killed a two-headed ogre
  7025 | D:8      | Got an encrusted falchion
  7026 | D:8      | Identified the +2 falchion of Equivalence {freeze, Str+2} (You found it on level 8 of the Dungeon)
  7159 | D:9      | Reached skill level 10 in Long Blades
  7210 | D:9      | Found an opulent altar of Gozag.
  7273 | D:9      | Found a staircase to the Orcish Mines.
  7709 | D:9      | Found a staircase to the Lair.
  8002 | D:10     | Entered Level 10 of the Dungeon
  8015 | D:10     | Noticed a gargoyle
  8022 | D:10     | Killed a gargoyle
  8058 | D:10     | Noticed Fannar
  8060 | D:10     | Noticed a gargoyle
  8083 | D:10     | Killed a gargoyle
  8090 | D:10     | Reached XP level 11. HP: 63/98 MP: 11/11
  8105 | D:10     | HP: 2/98 [orc priest/divine providence (8)]
  8111 | D:10     | Killed from afar by Fannar

Skill      XL: |  1  2  3  4  5  6  7  8  9 10 |
---------------+-------------------------------+-----
Fighting       | 3 4 5 6 |  6.3
Shields        | 4 5 6 8 9 |  9.9
Long Blades    | 3 4 6 7 9 10 | 10.6
Armour         | 4 5 6 7 8 |  8.1
Dodging        | 1 2 4 |  4.4
Stealth        | 1 2 |  2.5

Action                   |  1- 3 |  4- 6 |  7- 9 | 10-12 || total
-------------------------+-------+-------+-------+-------++-------
Melee: Long sword        |   169 |   135 |   348 |    79 ||   731
       Kick              |       |    44 |   146 |    95 ||   285
       Falchion          |       |       |       |   159 ||   159
Invok: Burn Spellbooks   |       |     1 |     1 |       ||     2
       Trog's Hand       |       |       |    12 |     7 ||    19
       Berserk           |       |       |     1 |     3 ||     4
 Abil: Heal Wounds       |     1 |     2 |       |       ||     3
Evoke: Wand              |       |     1 |     1 |       ||     2
  Use: Scroll            |     4 |     7 |     6 |     1 ||    18
       Potion            |       |     3 |     2 |     1 ||     6
  Eat: Chunk             |     2 |     6 |    15 |    10 ||    33
       Royal jelly       |       |       |       |     1 ||     1
Armor: Scale mail        |    90 |    41 |     3 |       ||   134
       Chain mail        |       |       |   165 |    66 ||   231
Dodge: Dodged            |    81 |    41 |    79 |    57 ||   258
Block: Shield            |   103 |    67 |   209 |   126 ||   505
       Rpst.: Long sword |    23 |    12 |    23 |     1 ||    59
       Falchion          |       |       |       |    12 ||    12
